 Seeded DCSS version 0.29-a0-270-g1586fc0 (webtiles) character file.

Game seed: 8611342615672505061 (custom seed)

4854 catcat the Destroyer (level 10, -7/72 HPs)
             Began as a Demonspawn Conjurer on Mar 7, 2022.
             Was an Initiate of Hepliaklqana.
             Killed from afar by a steam dragon (21 damage)
             ... with a ball of steam
             ... on level 8 of the Dungeon.
             The game lasted 00:42:57 (12090 turns).

catcat the Destroyer (Demonspawn Conjurer)         Turns: 12090, Time: 00:42:58

Health: -7/72      AC:  4    Str:  7    XL:     10   Next: 25%
Magic:  8/26       EV: 13    Int: 24    God:    Hepliaklqana [......]
Gold:   337        SH:  0    Dex: 12    Spells: 5/19 levels left

rFire   . . .      SeeInvis .   l - +9 staff of Wucad Mu {*channel}
rCold   . . .      Faith    .   (no shield)
rNeg    + . .      Spirit   .   a - +0 robe
rPois   .          Reflect  .   (helmet restricted)
rElec   .          Harm     .   (no cloak)
rCorr   +          Rampage  .   (no gloves)
Will    .....                   (no boots)
Stlth   ++........              (no amulet)
HPRegen 0.22/turn               n - ring of magical power
MPRegen 0.20/turn               p - ring "Biopsiw" {Fly rN+ rCorr}

@: flying
A: antennae 2, icy blue scales 1, icemail 1, powered by death 1, condensation
shield
a: Renounce Religion


You were on level 8 of the Dungeon.
You worshipped Hepliaklqana.
Hepliaklqana was noncommittal.
You visited 2 branches of the dungeon, and saw 9 of its levels.
You also visited: Ossuary.

You collected 337 gold pieces.

Inventory:

Hand Weapons
 c - a +0 spear
 f - a +0 dagger
 g - a +1 dagger of draining
 l - the +9 staff of Wucad Mu (weapon) {*channel}
   (You acquired it in an ossuary)

   It occasionally powers its wielder's spells, but with a chance of causing
   confusion or draining the wielder's intelligence.
   It becomes more likely to activate and less likely to backfire with increased
   Evocations skill.
 m - a +2 hand axe of pain
 u - a +2 dagger of venom
Missiles
 k - a throwing net
 w - 12 poisoned darts
Armour
 a - a +0 robe (worn)
 y - a +0 leather armour
Jewellery
 n - a ring of magical power (left hand)
 p - the ring "Biopsiw" (right hand) {Fly rN+ rCorr}
   (You found it on level 4 of the Dungeon)

   [ring of flight]

   rN:        It protects you from negative energy.
   Fly:       It grants you flight.
   rCorr:     It protects you from acid and corrosion.
 t - a ring of positive energy
Scrolls
 h - a scroll of fog
 o - a scroll of blinking {unknown}
 s - a scroll of immolation {unknown}
 z - a scroll of enchant weapon
 A - a scroll of noise {unknown}
 B - a scroll of teleportation
 C - 2 scrolls of fear
 D - a scroll of amnesia {unknown}
 F - a scroll of magic mapping
 G - a scroll of identify
Potions
 b - 2 potions of magic
 d - 7 potions of curing
 e - 2 potions of resistance
 i - 2 potions of brilliance
 j - 2 potions of ambrosia
 q - 3 potions of flight
 r - 2 potions of mutation
 x - a potion of lignification
 E - a potion of invisibility


   Skills:
 * Level 4.3 Fighting
 - Level 2.0 Armour
 - Level 4.0 Dodging
 - Level 1.7 Stealth
 - Level 5.0 Spellcasting
 - Level 13.0 Conjurations
 - Level 3.0 Invocations


You had 5 spell levels left.
You knew the following spells:

 Your Spells              Type           Power      Damage    Failure   Level
a - Magic Dart            Conj           100%       1d8       1%          1
b - Searing Ray           Conj           100%       2d8       1%          2
c - Dazzling Flash        Conj/Hex       74%        N/A       1%          3
d - Fulminant Prism       Conj/Hex       18%        3d11      6%          4
e - Iskenderun's Mystic   Conj/Tloc      37%        2d9       6%          4

Your spell library contained the following spells:

 Spells                   Type           Power      Damage    Failure   Level
 Slow                     Hex            24%        N/A       9%          1
 Summon Small Mammal      Summ           24%        N/A       9%          1
 Call Canine Familiar     Summ           6%         N/A       26%         3
 Confusing Touch          Hex            6%         N/A       26%         3
 Summon Guardian Golem    Hex/Summ       6%         N/A       26%         3
 Vampiric Draining        Necr           6%         2d6       26%         3


Dungeon Overview and Level Annotations

Branches:
Dungeon (8/15)             Temple (1/1) D:5         Ossuary (visited)
   Lair: D:8-11

Altars:
Ashenzari
Elyvilon
Hepliaklqana
Kikubaaqudgha
Makhleb
Nemelex Xobeh
Okawaru
Qazlal
Ru
Trog
Uskayaw
Vehumet
Xom
Yredelemnul
The Shining One

Shops:
D:5 (

Annotations:
D:5 3 runed translucent doors, 1n5z's ghost, amateur DsGl
D:7 Joseph


Innate Abilities, Weirdness & Mutations

You have a pair of antennae on your head.
You are partially covered in icy blue scales. (AC +2)
A meltable icy envelope protects you from harm. (AC +0)
You regenerate a little health from kills.
A meltable shield of frost defends you. (SH +0)


Message History

The steam dragon is heavily wounded.
The steam dragon breathes steam at you. The ball of steam hits you!
Your icy defenses dissipate!
You hear a shout!
Casting: Fulminant Prism (dangerous; 6% risk of failure)
Confirm with . or Enter, or press ? or * to list all spells.
Aiming: Fulminant Prism (dangerous; 6% risk of failure)
Press: ? - help, Dir - move target You conjure a prism of explosive energy!
A fulminant prism comes into view.
Your fulminant prism crackles loudly.
Your fulminant prism explodes!
You hear an angry buzzing noise.
Things that are here:
a +2 vampiric dagger; an orc corpse The steam dragon breathes steam at you.
The ball of steam hits you!
Things that are here:
a +0 whip; an orc corpse You are engulfed in a cloud of scalding steam.
Casting: Fulminant Prism (dangerous; 6% risk of failure)
Confirm with . or Enter, or press ? or * to list all spells.
Aiming: Searing Ray (safe; 1% risk of failure)
Press: ? - help, Shift-Dir - straight line, f - steam dragon
Aim: a steam dragon (steam, heavily wounded, 83% to hit)
The searing ray hits the steam dragon.
The steam dragon is heavily wounded. (Press . to maintain the ray.)
You are engulfed in a cloud of scalding steam.
The searing ray hits the steam dragon.
The steam dragon is severely wounded.
You are engulfed in a cloud of scalding steam.
The steam dragon breathes steam at you. The ball of steam hits you!
* * * LOW HITPOINT WARNING * * *
You hear an angry buzzing noise.
The steam dragon breathes steam at you. The ball of steam hits you!!
You die...

..##............
........))..h.
............#
....=.).)).# #
......))...##
#..####.).)o..##
.#..##.#..).....#
................#..
...#.@D<§...).....
. ##§§...........
###)§§§......#...
#.).§##.....## ..
###§.........# .
###.........#
#....##..... ##.###
#.... ### ...


You could see a steam dragon (catching breath), a black bear and an orc.

Vanquished Creatures
  Maggie (D:7)
  Prince Ribbit (D:7)
  A troll (D:7)
  2 steam dragons
  3 vampire mosquitoes (D:5)
  Menkaure (D:7)
  Duvessa (D:4)
  A water moccasin (D:6)
  2 ice beasts
  3 orc warriors
  2 sky beasts
  4 ogres
  A centaur (D:6)
  2 phantoms (D:4)
  3 kobold brigands
  A scorpion (D:4)
  A bullfrog (D:8)
  2 necrophages
  4 wights (D:5)
  A troll zombie (Ossuary)
  Dowan (D:4)
  3 howler monkeys
  4 centaur zombies (Ossuary)
  3 hounds
  A jelly (D:7)
  5 orc priests
  2 human zombies (Ossuary)
  3 iguanas
  11 orc wizards
  7 mummies (Ossuary)
  4 gnolls (D:5)
  5 adders
  2 white imps
  3 adder zombies (Ossuary)
  6 dart slugs
  28 orcs
  6 ball pythons
  4 endoplasms
  4 giant cockroaches
  A gnoll zombie (Ossuary)
  15 goblins
  9 hobgoblins
  4 jackals (D:5)
  4 quokkas
  4 bats (D:3)
  6 frilled lizards
  6 goblin zombies (Ossuary)
  3 hobgoblin zombies (Ossuary)
  25 kobolds
  4 kobold zombies (Ossuary)
  5 quokka zombies (Ossuary)
  2 rats
  A rat zombie (Ossuary)
228 creatures vanquished.

Vanquished Creatures (others)
  32 fulminant prisms
32 creatures vanquished.

Grand Total: 260 creatures vanquished

Notes
Turn   | Place    | Note
-------+----------+-------------------------------------------
     0 | D:1      | catcat the Demonspawn Conjurer began the quest for the Orb.
     0 | D:1      | Reached XP level 1. HP: 13/13 MP: 3/3
   427 | D:1      | Found a faded altar of an unknown god.
   692 | D:1      | Gained mutation: You have a pair of small antennae on your
                  | head. [demonic ancestry]
   692 | D:1      | Reached XP level 2. HP: 19/19 MP: 3/5
  1092 | D:1      | Learned a level 2 spell: Searing Ray
  1475 | D:2      | Reached skill level 5 in Conjurations
  1550 | D:2      | Reached XP level 3. HP: 24/24 MP: 4/6
  1823 | D:2      | Identified the +5 short sword of Irritation {antimagic,
                  | Drain rN+++ Int+4 Stlth+}
  2684 | D:3      | Gained mutation: You are partially covered in icy blue
                  | scales. (AC +2) [demonic ancestry]
  2684 | D:3      | Reached XP level 4. HP: 24/24 MP: 5/8
  3238 | D:3      | Reached skill level 1 in Fighting
  3686 | D:4      | Identified the ring "Biopsiw" {Fly rN+ rCorr}
  3754 | D:4      | Noticed Dowan
  3837 | D:4      | Noticed Duvessa
  3874 | D:4      | Killed Duvessa
  3875 | D:4      | Reached skill level 6 in Conjurations
  3875 | D:4      | Gained mutation: A meltable shield of frost defends you.
                  | (SH +0) [demonic ancestry]
  3875 | D:4      | Reached XP level 5. HP: 15/37 MP: 9/9
  4086 | D:4      | Killed Dowan
  4119 | D:4      | Noticed a phantom
  4156 | D:4      | Noticed a phantom
  4182 | D:4      | Killed a phantom
  4183 | D:4      | Reached XP level 6. HP: 6/43 MP: 8/10
  4468 | D:4      | Reached skill level 7 in Conjurations
  5061 | D:4      | Gained mutation: A meltable icy envelope protects you from
                  | harm. (AC +0) [demonic ancestry]
  5061 | D:4      | Reached XP level 7. HP: 48/48 MP: 11/11
  5137 | D:4      | Reached skill level 8 in Conjurations
  5577 | D:4      | Found a sparkling altar of Nemelex Xobeh.
  5676 | D:5      | Entered Level 5 of the Dungeon
  5676 | D:5      | Found Mafumot's Weapon Shoppe.
  5883 | D:5      | Learned a level 3 spell: Dazzling Flash
  5899 | D:5      | Noticed a wraith
  6320 | D:5      | Noticed 1n5z's ghost (amateur DsGl)
  6326 | D:5      | Found a runed translucent gate.
  6326 | D:5      | Found a runed translucent gate.
  6327 | D:5      | Found a runed translucent gate.
  6367 | D:5      | Reached skill level 1 in Armour
  6405 | D:5      | Reached XP level 8. HP: 49/56 MP: 8/14
  6613 | D:5      | Found a staircase to the Ecumenical Temple.
  6629 | Temple   | Entered the Ecumenical Temple
  6685 | Temple   | Became a worshipper of Hepliaklqana the Forgotten
  6747 | D:5      | Noticed a two-headed ogre
  6850 | D:5      | Learned a level 4 spell: Fulminant Prism
  7089 | D:5      | Reached skill level 9 in Conjurations
  7326 | D:5      | Learned a level 4 spell: Iskenderun's Mystic Blast
  7422 | D:5      | Reached skill level 10 in Conjurations
  8155 | D:6      | Gained mutation: You regenerate a little health from kills.
                  | [demonic ancestry]
  8155 | D:6      | Reached XP level 9. HP: 62/63 MP: 13/15
  8256 | D:6      | Reached skill level 11 in Conjurations
  8349 | D:6      | Reached skill level 1 in Invocations
  8471 | D:6      | Found a sand-covered staircase.
  8476 | Ossuary  | Entered an ossuary
  9317 | Ossuary  | Identified a scroll of acquirement
  9318 | Ossuary  | Acquired the +9 staff of Wucad Mu {*channel}
  9318 | Ossuary  | Found the +9 staff of Wucad Mu {*channel}
 10041 | D:7      | Noticed Joseph
 10231 | D:7      | Noticed Prince Ribbit
 10241 | D:7      | Killed Prince Ribbit
 10242 | D:7      | Reached skill level 5 in Spellcasting
 10796 | D:7      | Found a sacrificial altar of Ru.
 10849 | D:7      | Noticed Menkaure
 10860 | D:7      | Killed Menkaure
 11435 | D:7      | Noticed Maggie
 11450 | D:7      | Reached skill level 12 in Conjurations
 11457 | D:7      | Noticed a troll
 11464 | D:7      | HP: 3/65 [troll (10)]
 11465 | D:7      | Killed a troll
 11466 | D:7      | Gained mutation: You have a pair of antennae on your head.
                  | [demonic ancestry]
 11466 | D:7      | Reached XP level 10. HP: 5/71 MP: 5/17
 11603 | D:7      | Killed Maggie
 11797 | D:8      | HP: 2/71 [something (5)]
 11938 | D:8      | Reached skill level 13 in Conjurations
 12090 | D:8      | Killed from afar by a steam dragon

Illustrated notes

Levels and vault maps discovered:
D:1:      matt_arrival_spirals, layout_basic, basic_ecumenical_altar
D:2:      layout_rooms
D:3:      layout_loops_ring, minmay_goblin_outpost
D:4:      layout_basic, nemelex_dance_club_becter, minmay_circle_x, uniq_duvessa
D:5:      minmay_chambers_of_fours, layout_basic, minmay_temple_entry_offerings,
          gammafunk_ghost_split, amethyst_killhole, roderic_serpentine_path,
          nicolae_stop_n_shop_1
D:6:      layout_basic, old_standard_altar,
          mainiacjoe_overflow_concentric_impassable, enter_ossuary_2
D:7:      layout_basic, overflow_temple_1_default, serial_shops,
          kennysheep_little_box, uniq_prince_ribbit1, uniq_menkaure,
          uniq_maggie, uniq_joseph
D:8:      layout_cave_pools, zin_treasury, fedhas_altar_2, lair_entry_dummy,
          nzn_ghost_randoct, minmay_crystal_room
Temple:   eino_temple_scatter_basement

Skill      XL: |  1  2  3  4  5  6  7  8  9 10 |
---------------+-------------------------------+-----
Conjurations   | 5 6 7 8 10 12 13 | 13.0
Spellcasting   | 3 4 5 |  5.0
Fighting       | 1 2 3 4 |  4.3
Dodging        | 2 3 4 |  4.0
Armour         | 1 2 |  2.0
Invocations    | 3 |  3.0
Stealth        | |  1.7

Action                   |  1- 3 |  4- 6 |  7- 9 | 10-12 || total
-------------------------+-------+-------+-------+-------++-------
Melee: Spear             |    17 |       |       |       ||    17
       Hand axe          |     6 |    12 |   160 |       ||   178
       Short sword       |     1 |       |       |       ||     1
       Punch             |       |       |     6 |       ||     6
       Staff             |       |       |     1 |       ||     1
 Cast: Magic Dart        |    61 |    16 |    48 |     4 ||   129
       Searing Ray       |     5 |    18 |    61 |    12 ||    96
       Fulminant Prism   |       |       |    24 |     8 ||    32
  Use: Scroll            |       |     3 |    14 |       ||    17
       Potion            |       |       |       |     2 ||     2
 Stab: Sleeping          |     1 |     1 |     3 |       ||     5
       Distracted        |       |       |     1 |       ||     1
Armor: Robe              |     7 |     8 |   108 |     5 ||   128
       Leather armour    |       |       |    13 |       ||    13
Dodge: Dodged            |    22 |    17 |   207 |    16 ||   262
Block: Other             |       |     2 |    63 |     7 ||    72

Table legend: (Time is in decaauts)
 A = Elapsed time spent in this place.
 B = Non-inter-level travel time spent in this place.
 C = Inter-level travel time spent in this place.
 D = Time resting spent in this place.
 E = Time spent auto-exploring this place.
 F = Levels seen in this place.
 G = Mean time per level.
                   A        B        C        D        E       F      G
               +--------+--------+--------+--------+--------+-----+--------+
         Total |  12151 |  11695 |    456 |   5426 |   4036 |  10 | 1215.1 |
       Dungeon |  11178 |  10732 |    446 |   5100 |   3807 |   8 | 1397.2 |
        Temple |     67 |     57 |     10 |      0 |     43 |   1 |   67.0 |
       Ossuary |    905 |    905 |      0 |    326 |    186 |   1 |  905.0 |
               +--------+--------+--------+--------+--------+-----+--------+

Top non-repeatable levels by time:
     D:5: 2301 daAuts
     D:6: 1834 daAuts
     D:4: 1720 daAuts
     D:1: 1429 daAuts
     D:3: 1423 daAuts
     D:2: 1201 daAuts
     D:7: 964 daAuts
 Ossuary: 905 daAuts
     D:8: 303 daAuts
  Temple: 67 daAuts
